Selects Australian Defense Battlegroup
Selects Australian Light Infantry Section
Australian Light Infantry Section
Construct Section Command Post
Construct Platoon Command Post
Australian Light Infantry Section
Selects 2-pounder Anti-tank Gun Team
2-pounder Anti-tank Gun Team
Australian Light Infantry Section
2-pounder Anti-tank Gun Team
Selects CMP 15cwt Supply Run
2-pounder Anti-tank Gun Team
Construct Company Command Post
Unlock Bishop Self-propelled Artillery
Selects Reinforced Resource Caches
Bishop Self-propelled Artillery
Australian Light Infantry Section
Selects Archer Tank Destroyer
Selects Vehicle Over Repair
Australian Light Infantry Section
Australian Light Infantry Section